 Dungeon Sprint DCSS version 0.28.0-43-g3370ac3207 (webtiles) character file.

Game seed: 9896788802364213137

6299 smarlow the Imperceptible (level 10, -2/57 HPs)
             Began as a Spriggan Enchanter on Mar 3, 2022.
             Was the Champion of Dithmenos.
             Slain by a lorocyproca (38 damage)
             ... in the Dungeon (Sprint I: "Red Sonja").
             The game lasted 00:07:03 (1242 turns).

smarlow the Imperceptible (Spriggan Enchanter)      Turns: 1242, Time: 00:07:03

Health: -2/57      AC:  3    Str:  4    XL:     10   Next: 63%
Magic:  2/24       EV: 22    Int: 18    God:    Dithmenos [******]
Gold:   605        SH:  0    Dex: 19    Spells: 22/27 levels left

rFire   + . .      SeeInvis +   j - +2 dagger (venom)
rCold   + . .      Faith    .   (no shield)
rNeg    . . .      Spirit   .   q - +1 robe {rC+ rF+}
rPois   .          Reflect  .   (helmet restricted)
rElec   .          Harm     .   (no cloak)
rCorr   .          Rampage  .   (gloves unavailable)
Will    +....      NoTele   +   (boots unavailable) Stlth *******+++
                                l - amulet of the acrobat
HPRegen 0.00/turn               (no ring)
MPRegen 0.19/turn               (no ring)

@: confusing by touch, inhibited regen, slowed, lost strength, wreathed by
umbra, quick
A: very small, no large weapons, unfitting armour, see invisible, speed 3,
talons 1, screaming 1
a: Renounce Religion, Shadow Step, Shadow Form


You were in the Dungeon.
You worshipped Dithmenos.
Dithmenos was exalted by your worship.
You visited 1 branch You collected 1536 gold pieces.
You spent 931 gold pieces at shops.

Inventory:

Hand Weapons
 a - a +1 dagger
 j - a +2 dagger of venom (weapon)
Armour
 b - a +0 robe
 p - the +1 cloak of Activism {rPois rC+ Str-5}
   (You acquired it in the Dungeon)

   Str:       It affects your strength (-5).
   rC:        It protects you from cold.
   rPois:     It protects you from poison.
 q - a +1 robe of resistance (worn)
Jewellery
 l - an amulet of the acrobat (around neck)
Wands
 h - a wand of mindburst (17)
 k - a wand of polymorph (5)
Scrolls
 c - a scroll of magic mapping {unknown}
 i - a scroll of blinking
 m - 2 scrolls of identify
 n - a scroll of amnesia {unknown}
Potions
 d - 3 potions of curing
 e - a potion of heal wounds
 f - a potion of haste
 g - 2 potions of magic
 o - 2 potions of attraction


   Skills:
 * Level 8.4 Fighting
 + Level 7.1 Short Blades
 + Level 7.6 Dodging
 * Level 26.2 Stealth
 + Level 9.4 Spellcasting
 + Level 12.3 Hexes
 + Level 3.8 Ice Magic


You had 22 spell levels left.
You knew the following spells:

 Your Spells              Type           Power      Damage    Failure   Level
a - Ensorcelled Hibernat  Hex/Ice        74%        N/A       1%          2
b - Confusing Touch       Hex            52%        N/A       1%          3

Your spell library contained the following spells:

 Spells                   Type           Power      Damage    Failure   Level
 Dazzling Flash           Conj/Hex       60%        N/A       1%          3
 Tukima's Dance           Hex            52%        N/A       1%          3
 Gell's Gravitas          Tloc           8%         N/A       26%         3
 Lesser Beckoning         Tloc           8%         N/A       26%         3
 Teleport Other           Tloc           8%         N/A       26%         3


Dungeon Overview and Level Annotations

Branches:
Dungeon (1/1)

Altars:
Cheibriados
Dithmenos
Elyvilon
Fedhas
Gozag
Hepliaklqana
Kikubaaqudgha
Makhleb
Nemelex Xobeh
Okawaru
Qazlal
Ru
Sif Muna
Trog
Uskayaw
Vehumet
Wu Jian
Xom
Yredelemnul
Zin
The Shining One
Jiyva
Lugonu

Shops:
D !**:(!?[[[*=!!:[(


Innate Abilities, Weirdness & Mutations

You are very small and have problems with some larger weapons.
You are too small for most types of armour.
You have supernaturally acute eyesight. (SInv)
You cover ground extremely quickly. (Speed+++)
You have sharp toenails.
You occasionally shout uncontrollably at your foes.


Message History

There is an open door here.
There is an open door here.
Things that are here:
a +0 shortbow; 19 arrows You enter the shallow water.
Moving in this stuff is going to be slow.
There is an open door here.
You enter the shallow water.
Moving in this stuff is going to be slow.
There is an open door here.
You see here a +0 quarterstaff.
There is an open door here.
There is an open door here.
There is an open door here.
You open the door.
There is an open door here.
Things that are here:
a +0 dagger; a +0 robe You start removing your armour.
You continue taking off the +1 cloak of Activism {rPois rC+ Str-5}. x4
You finish taking off the +1 cloak of Activism {rPois rC+ Str-5}.
There is an open door here.
Found 27 gold pieces.
Which direction?
You close the door.
Casting: Confusing Touch (safe; 1% risk of failure)
Confirm with . or Enter, or press ? or * to list all spells.
Your hands begin to glow red.
The lorocyproca gives a chilling moan.
You barely miss the lorocyproca.
Your shadow hits the lorocyproca but does no damage.
The lorocyproca hits you!
You emit a cloud of dark smoke.
You feel your power leaking away.
You hit the lorocyproca but do no damage.
Your kick misses the lorocyproca. The lorocyproca hits you!
You feel your power leaking away.
You hit the lorocyproca but do no damage.
Your kick misses the lorocyproca. The lorocyproca hits you!!!
Ouch! That really hurt!
You die...

################
.)'..#__#..'.).#
..#..'..'..#...##+#
####'#__####).§§§§#§#
...#.####..#####@2§§#
..##)#§§§.§#..##+####
#'#_.'≈§≈§.'§.#...
'..._#§≈§.)#.§#..○°
#_.#'##'#####'###☼.°
##'#.#§)).###.'.#☼°°#
##.####'###(###.#..##
')..'..[..'.∩##.#..#
#...###########.#


You could see a lorocyproca (invisible).

Vanquished Creatures
  2 centaur warriors (D)
  Sonja (D)
  A deep troll (D)
  An oklob plant (D)
  2 kobold demonologists (D)
  2 demonic crawlers (D)
  2 unseen horrors (D)
  A hornet (D)
  A slime creature (D)
  Sigmund (D)
  A yak (D)
  2 redbacks (D)
  2 floating eyes (D)
  An ogre (D)
  7 necrophages (D)
  8 jellies (D)
  Ijyb (D)
  A ballistomycete spore (D)
37 creatures vanquished.

Vanquished Creatures (others)
  A ballistomycete spore (D)
1 creature vanquished.

Grand Total: 38 creatures vanquished

Notes
Turn   | Place    | Note
-------+----------+-------------------------------------------
     0 | D        | smarlow the Spriggan Enchanter began the quest for the Orb.
     0 | D        | Reached XP level 1. HP: 9/9 MP: 5/5
     2 | D        | Noticed Ijyb
    10 | D        | Killed Ijyb
    11 | D        | Reached skill level 1 in Fighting
    11 | D        | Reached skill level 6 in Stealth
    11 | D        | Reached XP level 2. HP: 15/15 MP: 7/7
   160 | D        | Learned a level 2 spell: Ensorcelled Hibernation
   260 | D        | Noticed an ogre
   266 | D        | Killed an ogre
   267 | D        | Reached skill level 9 in Stealth
   267 | D        | Reached XP level 3. HP: 19/19 MP: 5/9
   267 | D        | Reached XP level 4. HP: 23/23 MP: 6/11
   310 | D        | Noticed Sigmund
   313 | D        | Killed Sigmund
   314 | D        | Reached skill level 5 in Dodging
   314 | D        | Reached skill level 12 in Stealth
   314 | D        | Reached skill level 5 in Spellcasting
   314 | D        | Reached XP level 5. HP: 29/29 MP: 11/13
   314 | D        | Reached XP level 6. HP: 33/33 MP: 12/15
   326 | D        | Found a shimmering blue altar of Sif Muna.
   327 | D        | Found an ornate altar of the Wu Jian Council.
   328 | D        | Found a radiant altar of Vehumet.
   365 | D        | Found Caetanen's General Store.
   365 | D        | Found an ancient bone altar of Kikubaaqudgha.
   365 | D        | Found a hazy altar of Hepliaklqana.
   365 | D        | Found a stormy altar of Qazlal.
   365 | D        | Found a hide-covered altar of Uskayaw.
   365 | D        | Found a blossoming altar of Fedhas.
   365 | D        | Found a bloodstained altar of Trog.
   365 | D        | Found an iron altar of Okawaru.
   365 | D        | Found a basalt altar of Yredelemnul.
   365 | D        | Found a glowing golden altar of the Shining One.
   365 | D        | Found a snail-covered altar of Cheibriados.
   365 | D        | Found a sacrificial altar of Ru.
   365 | D        | Found a glowing silver altar of Zin.
   365 | D        | Found a shadowy altar of Dithmenos.
   365 | D        | Found a white marble altar of Elyvilon.
   365 | D        | Noticed a yak
   367 | D        | Killed a yak
   368 | D        | Reached skill level 14 in Stealth
   368 | D        | Reached skill level 1 in Ice Magic
   368 | D        | Found an opulent altar of Gozag.
   369 | D        | Found a sparkling altar of Nemelex Xobeh.
   375 | D        | Bought a scroll of identify for 24 gold pieces
   377 | D        | Became a worshipper of Dithmenos the Shadowed
   396 | D        | Found a burning altar of Makhleb.
   396 | D        | Found a viscous altar of Jiyva.
   396 | D        | Found a shimmering altar of Xom.
   396 | D        | Found a corrupted altar of Lugonu.
   396 | D        | Noticed a slime creature
   399 | D        | Killed a slime creature
   400 | D        | Reached skill level 5 in Fighting
   400 | D        | Reached skill level 15 in Stealth
   400 | D        | Reached XP level 7. HP: 39/39 MP: 17/17
   412 | D        | Noticed a kobold demonologist
   413 | D        | Noticed a kobold demonologist
   415 | D        | Killed a kobold demonologist
   416 | D        | Reached skill level 16 in Stealth
   416 | D        | Reached skill level 10 in Hexes
   417 | D        | Killed a kobold demonologist
   417 | D        | Reached * piety under Dithmenos
   418 | D        | Reached skill level 17 in Stealth
   418 | D        | Reached XP level 8. HP: 44/44 MP: 16/20
   420 | D        | Reached skill level 18 in Stealth
   422 | D        | Noticed a demonic crawler
   422 | D        | Noticed a demonic crawler
   422 | D        | Noticed a demonic crawler
   422 | D        | Noticed a demonic crawler
   424 | D        | Killed a demonic crawler
   424 | D        | Reached ** piety under Dithmenos
   425 | D        | Killed a demonic crawler
   426 | D        | Reached skill level 5 in Short Blades
   426 | D        | Reached skill level 19 in Stealth
   444 | D        | Noticed Sonja
   449 | D        | Killed Sonja
   450 | D        | Reached skill level 20 in Stealth
   450 | D        | Reached XP level 9. HP: 38/49 MP: 18/22
   452 | D        | Noticed a deep troll
   456 | D        | Killed a deep troll
   457 | D        | Reached skill level 22 in Stealth
   462 | D        | Noticed a centaur warrior
   462 | D        | Noticed a centaur warrior
   465 | D        | Killed a centaur warrior
   465 | D        | Reached *** piety under Dithmenos
   466 | D        | Killed a centaur warrior
   467 | D        | Reached skill level 23 in Stealth
   467 | D        | Reached XP level 10. HP: 46/56 MP: 20/23
   472 | D        | Reached skill level 24 in Stealth
   516 | D        | Found Xifan's Armour Emporium.
   539 | D        | Found Zannuzomp's Distillery.
   547 | D        | Bought a potion of attraction for 33 gold pieces
   547 | D        | Bought a potion of mutation for 88 gold pieces
   547 | D        | Bought a potion of attraction for 33 gold pieces
   547 | D        | Gained mutation: You occasionally shout uncontrollably at
                  | your foes. [potion of mutation]
   547 | D        | Gained mutation: You have sharp toenails. [potion of
                  | mutation]
   784 | D        | Noticed an oklob plant
   786 | D        | Killed an oklob plant
   793 | D        | Reached **** piety under Dithmenos
   823 | D        | Reached skill level 25 in Stealth
   848 | D        | Reached ***** piety under Dithmenos
   980 | D        | Learned a level 3 spell: Confusing Touch
  1006 | D        | Reached skill level 26 in Stealth
  1033 | D        | Reached ****** piety under Dithmenos
  1061 | D        | Identified the +5 quarterstaff "Noboun" {vorpal, *Noise rN+
                  | MP+9}
  1118 | D        | Found Qeinuos's Book Shoppe.
  1118 | D        | Found Iruemam's General Store.
  1118 | D        | Found Qiyluluv's Antique Weapon Boutique.
  1145 | D        | Found Noseac's Distillery.
  1145 | D        | Found Orrogal's Magic Scroll Shop.
  1145 | D        | Found Vyorial's Antique Armour Shoppe.
  1145 | D        | Found Maenerao's Armour Boutique.
  1145 | D        | Found Koufuyna's Antique Armour Emporium.
  1145 | D        | Found Jummajaa's General Store.
  1145 | D        | Found Raphel's Jewellery Shoppe.
  1147 | D        | Found Huityus's Distillery.
  1148 | D        | Found Perugu's Book Emporium.
  1148 | D        | Found Hofeynt's Distillery.
  1149 | D        | Bought a scroll of acquirement for 676 gold pieces
  1149 | D        | Acquired the +1 cloak of Activism {rPois rC+ Str-5}
  1155 | D        | Lost strength.
  1157 | D        | Found Atrettec's Antique Weapon Emporium.
  1158 | D        | Bought a glowing robe for 77 gold pieces
  1233 | D        | Noticed a lorocyproca
  1242 | D        | Slain by a lorocyproca

Illustrated notes

Levels and vault maps discovered:
D:        dungeon_sprint_1 [red_sonja_temple_1, red_sonja_temple_small_1]

Skill      XL: |  1  2  3  4  5  6  7  8  9 10 |
---------------+-------------------------------+-----
Fighting       | 1 2 4 5 6 7 8 |  8.4
Dodging        | 3 4 5 6 7 |  7.6
Stealth        | 6 9 12 15 17 20 23 26 | 26.2
Spellcasting   | 3 4 5 6 7 8 9 |  9.4
Hexes          | 4 6 8 9 10 11 12 | 12.3
Short Blades   | 2 3 4 5 6 7 |  7.1
Ice Magic      | 1 2 3 |  3.8

Action                   |  1- 3 |  4- 6 |  7- 9 | 10-12 || total
-------------------------+-------+-------+-------+-------++-------
Melee: Dagger            |     7 |     4 |    11 |    51 ||    73
       Kick              |       |       |       |    10 ||    10
       Punch             |       |       |       |     1 ||     1
 Cast: Ensorcelled Hiber |     1 |     2 |     2 |    11 ||    16
       Confusing Touch   |       |       |       |     8 ||     8
  Use: Potion            |     1 |       |     1 |     1 ||     3
       Scroll            |       |       |       |     1 ||     1
 Stab: Sleeping          |     1 |     4 |     8 |    16 ||    29
       Invisible         |       |       |     1 |       ||     1
       Confused          |       |       |       |     6 ||     6
Armor: Robe              |       |       |     1 |     1 ||     2
Dodge: Dodged            |     6 |       |     1 |    38 ||    45
